Unix NetHack Version 5.0.0-0 post-release - last build Jul 19 2026 19:10:59 (3aa4ab31751d3886436d94b585a96704892fd477,branch:main).

Game began 2026-07-28 23:07:07, ended 2026-07-28 23:17:18.

Jinnora, lawful female human Knight

                          -------              --+-------------              |
                          |.....+              ...............|            ..|
                          |.....|              |...........b...#########@B...|
                          |^....+              ...............|            ..|
                          -.-.---              |..............|            -+-
                          #######              -.--------------
                          #  ###               ###
                          #   ##########        #
                      #####            ###########
                     ##
                     #
                     #   -------
             ---.- ###  #-.....|
             |...|#######|....>|
             |<...##     |.....|
             -----       -------

Jinnora the Gallant      St:14 Dx:8 Co:12 In:8 Wi:16 Ch:17  Lawful
Dlvl:6  $:65 HP:0(20) Pw:7(7) AC:3  Xp:2/38 T:1696  Burdened

Latest messages:
 In what direction? 6
 Whammm!!
 In what direction? 6
 Whammm!!
 In what direction? 6
 Whammm!!
 In what direction? 6
 Whammm!!
 In what direction? 6
 Thwack!!
 In what direction? 6
 Whammm!!
 In what direction? 6
 Whammm!!
 In what direction? 6
 Whammm!!
 In what direction? 6
 As you kick the door, it crashes open!
 The giant bat bites!
 The giant bat misses!
 The giant bat bites!
 You are beginning to feel weak.
 You hit the giant bat.
 The giant bat misses!
 The giant bat misses!
 Are you sure you want to pray? [yn] (n) y
 You begin praying to Lugh.
 You are surrounded by a shimmering light.
 The giant bat starts to attack you, but pulls back.
 The giant bat starts to attack you, but pulls back.
 The giant bat starts to attack you, but pulls back.
 The giant bat starts to attack you, but pulls back.
 The giant bat starts to attack you, but pulls back.
 The giant bat starts to attack you, but pulls back.
 You finish your prayer.
 You feel that Lugh is well-pleased.
 Your stomach feels content.
 You hit the giant bat.
 The giant bat misses!
 The giant bat misses!
 You miss the giant bat.
 The giant bat bites!
 The giant bat bites!
 You hit the giant bat!
 The giant bat bites!
 You hear the footsteps of a guard on patrol.
 The giant bat misses!
 The giant bat bites!
 You die...
 Do you want your possessions identified? [ynq] (y) q

Inventory:
 Coins    ('$')
  $ - 65 gold pieces
 Weapons  (')')
  j - 9 uncursed +0 darts
  a - an uncursed +1 long sword (weapon in left hand)
  b - an uncursed +1 lance (alternate weapon; not wielded)
 Armor    ('[')
  d - an uncursed +0 helmet (being worn)
  f - an uncursed +0 pair of leather gloves (being worn)
  e - an uncursed +0 small shield (being worn)
  c - an uncursed +1 ring mail (being worn)
 Comestibles  ('%')
  g - 11 uncursed apples
  h - 10 uncursed carrots
  m - an uncursed food ration
  w - an uncursed tripe ration
 Scrolls  ('?')
  n - an uncursed scroll of amnesia
  p - an uncursed scroll of blank paper
  q - an uncursed scroll of enchant armor
 Potions  ('!')
  i - an uncursed potion of gain ability
  r - a cursed potion of gain level
  v - an uncursed potion of oil
  l - an uncursed potion of water
 Wands    ('/')
  u - an uncursed wand of stasis (0:2)
 Tools    ('(')
  o - an uncursed tin whistle
 Gems/Stones  ('*')
  k - a cursed worthless piece of white glass

Jinnora the Knight's attributes:

Background:
 You were a Gallant, a level 2 female human Knight.
 You were lawful, on a mission for Lugh
 who was opposed by Brigit (neutral) and Manannan Mac Lir (chaotic).
 You were left-handed.
 You were in the Dungeons of Doom, on level 6.
 You entered the dungeon 1696 turns ago.
 It was nighttime.
 You had 38 experience points, 2 more were needed to attain level 3.

Basics:
 You had 0 out of 20 hit points.
 You had all 7 energy points (spell power).
 Your armor class was 3.
 Your wallet contained 65 zorkmids.
 Autopickup was off.

Final Characteristics:
 Your strength was 14 (limit:18/100).
 Your dexterity was 8 (limit:18).
 Your constitution was 12 (limit:18).
 Your intelligence was 8 (limit:18).
 Your wisdom was 16 (limit:18).
 Your charisma was 17 (limit:18).

Final Status:
 You weren't hungry.
 You were burdened; movement was slightly slowed.
 You were wielding a long sword.
 You had basic skill with long sword.

Final Attributes:
 You were devoutly aligned.
 You could jump.
 You were warded.
 You are dead.

Miscellaneous:
 You encountered 1 bones level.
 Total elapsed playing time was 10 minutes and 10 seconds.

Major events:
 Turn
    1: Jinnora the lawful female human Knight entered the dungeon
  519: entered the Gnomish Mines
 1696: killed by a giant bat

You didn't know any spells.

Skills:
 Fighting Skills
   bare handed combat [Unskilled]
   two weapon combat  [Unskilled]
   riding             [Basic]
 Weapon Skills
   dagger             [Unskilled]
   knife              [Unskilled]
   axe                [Unskilled]
   pick-axe           [Unskilled]
   short sword        [Unskilled]
   broadsword         [Unskilled]
   long sword         [Basic]
   two-handed sword   [Unskilled]
   saber              [Unskilled]
   club               [Unskilled]
   mace               [Unskilled]
   morning star       [Unskilled]
   flail              [Unskilled]
   hammer             [Unskilled]
   polearms           [Unskilled]
   spear              [Unskilled]
   trident            [Unskilled]
   lance              [Basic]
   bow                [Unskilled]
   crossbow           [Unskilled]
 Spellcasting Skills
   attack spells      [Unskilled]
   healing spells     [Unskilled]
   clerical spells    [Unskilled]

Voluntary challenges:
 Character rerolling was not enabled.
 You never genocided any monsters.
 You never polymorphed an object.
 You never changed form.
 You used no wishes.
Achievements:
 You entered the Gnomish Mines.
 You entered a shop.

 The Dungeons of Doom: levels 1 to 7
    Level 1:
       Some fountains.
    Level 2:
       An altar to Lugh, some fountains.
       Stairs down to The Gnomish Mines.
    Level 3:
       A fountain.
    Level 4:
       A fountain.
    Level 5:
       A general store, a grave.
       Final resting place for
          merpish-Arc-Dwa-Mal-Law, killed by Mr. Bordeyri; the shopkeeper.
    Level 6: <- You were here.
       Final resting place for
          you, killed by a giant bat.
    Level 7:
 The Gnomish Mines:
    Level 3:


Vanquished creatures:
  a homunculus
  a brown mold
  a gnome zombie
  3 geckos
  a jackal
  a fox
  a kobold
  2 goblins
  2 sewer rats
  2 grid bugs
  2 lichens
  3 newts
20 creatures vanquished.

No species were genocided or became extinct.

Game over:
                       ----------
                      /          \
                     /    REST    \
                    /      IN      \
                   /     PEACE      \
                  /                  \
                  |     Jinnora      |
                  |      65 Au       |
                  |   killed by a    |
                  |    giant bat     |
                  |                  |
                  |                  |
                  |       2026       |
                 *|     *  *  *      | *
        _________)/\\_//(\/(/\)/\//\/|_)_______

Fare thee well Jinnora the Knight...

You died in The Dungeons of Doom on dungeon level 6 with 511 points,
and 65 pieces of gold, after 1696 moves.
You were level 2 with a maximum of 20 hit points when you died.

